 Dungeon Crawl Stone Soup version 0.30.1-11-g7821555f0a (webtiles) character file.

Game seed: 16598594414276820961

9 leafyfresh the Sneak (level 2, -2/25 HPs)
             Began as a Barachi Delver on Nov 16, 2023.
             Slain by a jackal (3 damage)
             ... on level 5 of the Dungeon.
             The game lasted 00:00:24 (127 turns).

leafyfresh the Sneak (Barachi Delver)                Turns: 127, Time: 00:00:25

Health: -2/25      AC:  3    Str: 13    XL:     2   Next: 12%
Magic:  2/2        EV: 12    Int: 10    God:
Gold:   0          SH:  0    Dex: 13    Spells: 1/1 levels left

rFire   . . .        a - +0 falchion
rCold   . . .        (no shield)
rNeg    . . .        b - +0 leather armour
rPois   .            (no helmet)
rElec   .            (no cloak)
rCorr   .            (no gloves)
SInv    .            (no boots)
Will    .....        (no amulet)
Stlth   ++           (no ring)
HPRegen 0.24/turn    (no ring)
MPRegen 0.08/turn

%: no passive effects
@: slow
A: amphibious, slowness 1, strong legs 1, +LOS
a: Hop


You were on level 5 of the Dungeon.
You visited 1 branch of the dungeon, and saw 1 of its levels.

Inventory:

Hand Weapons
 a - a +0 falchion (weapon)
Armour
 b - a +0 leather armour (worn)
Wands
 g - a wand of digging (3)
Scrolls
 c - a scroll of fog
 d - a scroll of magic mapping
 e - a scroll of fear
 h - a scroll of amnesia {unknown}
Potions
 f - a potion of haste


   Skills:
 + Level 4.0 Fighting
 - Level 2.4 Long Blades
 + Level 2.6 Dodging
 - Level 4.5 Stealth


You had one spell level left.
You didn't know any spells.
Your spell library was empty.

Dungeon Overview and Level Annotations

Branches:
Dungeon (5/15)
 Temple: D:4-7

Altars:


Innate Abilities, Weirdness & Mutations

You are amphibious.
You cover ground slowly.
You can hop short distances.
You have an extended range of vision and can be seen from far away.


Message History

The phantom closely misses you.
You hit the phantom but do no damage.
The phantom is lightly damaged.
The jackal barely misses you.
A jackal comes into view.
The phantom hits you.
The jackal bites you but does no damage.
You barely miss the phantom.
The phantom is lightly damaged.
The jackal barely misses you. The phantom hits you.
The jackal barks!
You slash the phantom! Your punch misses the phantom.
The phantom is heavily damaged.
You hear a shout!
You hear a bark!
The jackal bites you. The phantom barely misses you. The jackal misses you.
You miss the phantom.
The phantom is heavily damaged.
The jackal closely misses you. The phantom hits you.
* * * LOW HITPOINT WARNING * * *
The phantom blinks!
You blink.
A gnoll comes into view. It is wielding a +0 flail.
Found 9 gold pieces.
You closely miss the phantom.
The phantom is heavily damaged.
A jackal comes into view.
The phantom closely misses you.
The jackal pauses to sniff the ground.
The jackal closely misses you. The phantom hits you.
* * * LOW HITPOINT WARNING * * *
The phantom blinks!
You blink.
The jackal completely misses you. The jackal closely misses you.
The jackal barks!
You hit the phantom.
The phantom is heavily damaged.
The jackal bites you.
* * * LOW HITPOINT WARNING * * *
The jackal misses you. The phantom hits you.
* * * LOW HITPOINT WARNING * * *
The jackal bites you.
You die...

..................#
........>..#....###
........##..#....###
........ ##.#.#....#
........###...#.#..#
..........#.....##.##
.............>###...#
....................#
...............W@...###
...............hhh....#
..............###
..........o..##
..............#
................#
...$.............#
.............#.#..
..................


You could see a phantom, an orc and 3 jackals.

Vanquished Creatures
  An adder (D:5)
1 creature vanquished.

Notes
Turn   | Place    | Note
-------+----------+-------------------------------------------
     0 | D:5      | leafyfresh the Barachi Delver began the quest for the Orb.
     0 | D:5      | Reached XP level 1. HP: 18/18 MP: 1/1
    12 | D:5      | Reached XP level 2. HP: 5/25 MP: 2/2
   111 | D:5      | Noticed a phantom
   127 | D:5      | HP: 1/25 [phantom (3)]
   127 | D:5      | Slain by a jackal

Illustrated notes

Levels and vault maps discovered:
D:5:      lemuel_castle_with_subvaults [lemuel_castle_interior_carwin_3],
          layout_cave_pools, cheibrodos_sewer_entry_bend

Skill      XL: |  1 |
---------------+----+-----
Fighting       | 4 |  4.0
Long Blades    | |  2.4
Dodging        | |  2.6
Stealth        | |  4.5

Action                     || total
---------------------------++-------
  Melee: Falchion          ||    17
 Armour: Leather armour    ||     3
  Dodge: Dodged            ||    18
